 Dungeon Crawl Stone Soup version 0.31-a0-233-g139696dc86 (webtiles) character file.

Game seed: 8062107120954863423

349 qw the Shooter (level 6, -13/37 HPs)
             Began as a Gargoyle Hexslinger on July 7, 2023.
             Mangled by an ogre
             ... wielding a +0 giant club
              (31 damage)
             ... on level 4 of the Dungeon.
             The game lasted 00:01:12 (2642 turns).

qw the Shooter (Gargoyle Hexslinger)                Turns: 2642, Time: 00:01:13

Health: -13/37     AC: 10    Str: 11    XL:     6   Next: 60%
Magic:  7/7        EV: 11    Int: 14    God:
Gold:   251        SH:  0    Dex: 14    Spells: 6/7 levels left

rFire   . . .        Y - +3 sling (flame)
rCold   . . .        (no shield)
rNeg    + . .        a - +0 leather armour
rPois   inf          (no helmet)
rElec   +            g - +0 cloak
rCorr   .            i - +0 pair of gloves
SInv    .            f - +0 pair of boots
Will    .....        (no amulet)
Stlth   +            (no ring)
HPRegen 0.26/turn    (no ring)
MPRegen 0.10/turn

%: no passive effects
@: no status effects
A: sickness immunity, AC +4, negative energy resistance 1, electricity
resistance, torment resistance 1, petrification resistance
a: no special abilities


You were on level 4 of the Dungeon.
You visited 1 branch of the dungeon, and saw 4 of its levels.
You also visited: Sewer.

You collected 251 gold pieces.


Innate Abilities, Weirdness & Mutations

You are immune to sickness and miasma.
Your stone body is resilient. (AC +4)
You are immune to poison.
You resist negative energy. (rN+)
You are resistant to electric shocks. (rElec)
You are resistant to unholy torment.
You are immune to petrification.


   Skills:
 + Level 3.2 Fighting
 - Level 6.0 Ranged Weapons
 - Level 1.0 Armour
 - Level 1.5 Dodging
 - Level 1.0 Spellcasting
 - Level 2.6 Hexes


You had 6 spell levels left.
You knew the following spells:

 Your Spells              Type           Power      Damage    Failure   Level
a - Slow                  Hex            32%        N/A       12%         1

Your spell library contained the following spells:

 Spells                   Type           Power      Damage    Failure   Level
 Inner Flame              Hex/Fire       4%         N/A       52%         3
 Portal Projectile        Hex/Tloc       8%         N/A       52%         3
 Cause Fear               Hex            4%         N/A       75%         4

Inventory:

Hand Weapons
 Y - a +3 sling of flaming (weapon)
Armour
 a - a +0 leather armour (worn)
 f - a +0 pair of boots (worn)
 g - a +0 cloak (worn)
 i - a +0 pair of gloves (worn)
Scrolls
 e - a scroll of identify
Potions
 b - a potion of haste {unknown}
 c - a potion of curing {unknown}
 d - a potion of berserk rage {unknown}
 h - a potion of attraction {unknown}
 j - a potion of cancellation {unknown}

Dungeon Overview and Level Annotations

Branches:
Dungeon (4/15)              Sewer (visited)
 Temple: D:4-7

Altars:
Dithmenos
Trog


Message History

Enter note: You shoot a sling bullet.
The sling bullet hits the giant cockroach!
The sling bullet burns the giant cockroach.
You kill the giant cockroach!
An adder comes into view.
Enter note: You shoot a sling bullet.
The sling bullet hits the adder.
The sling bullet burns the adder.
The adder hisses angrily.
The adder is heavily wounded.
You shoot a sling bullet. The sling bullet misses the adder.
You shoot a sling bullet. The sling bullet hits the adder!
The sling bullet burns the adder.
You kill the adder!
An endoplasm comes into view.
The endoplasm quivers.
Enter note: You shoot a sling bullet.
The sling bullet hits the endoplasm.
The sling bullet burns the endoplasm.
You kill the endoplasm!
You see here a +0 scale mail.
An ogre comes into view. It is wielding a +0 giant club.
Enter note:
Enter note: You shoot a sling bullet.
The sling bullet hits the ogre.
The sling bullet burns the ogre.
The ogre is lightly wounded.
The ogre misses you.
You shoot a sling bullet. The sling bullet hits the ogre.
The sling bullet burns the ogre.
The ogre is moderately wounded.
The ogre hits you with a +0 giant club!!
Ouch! That really hurt!
You shoot a sling bullet. The sling bullet hits the ogre!
The sling bullet burns the ogre.
The ogre is severely wounded.
The ogre hits you with a +0 giant club!!
Ouch! That really hurt!
You die...

### #.. #.# # #
#.#.#.##.
#.###.#...... #
#...O.....# #
#####@#### #
#........# ########
#.###.##.# .......#
#.# #.# # ######.#
##.###.# .# #.#
#......# .### #.#
#..#.###
...###.####.....###
....................


You could see an ogre.

Vanquished Creatures
  Pargi (Sewer)
  An orc priest (D:3)
  An iguana (D:4)
  An orc wizard (D:3)
  5 adders
  3 gnolls (D:3)
  4 dart slugs
  6 orcs (D:3)
  7 ball pythons
  7 endoplasms
  9 giant cockroaches
  7 goblins
  6 hobgoblins
  13 kobolds
  3 quokkas
  8 bats
  4 frilled lizards
  4 rats
90 creatures vanquished.

Notes
Turn   | Place    | Note
-------+----------+-------------------------------------------
     0 | D:1      | qw the Gargoyle Hexslinger began the quest for the Orb.
     0 | D:1      | Reached XP level 1. HP: 12/12 MP: 2/2
     0 | D:1      | 0 ||| qw: Version: 0.3-a-46-gb1f654a
     0 | D:1      | 0 ||| qw: Game counter: 3120
     0 | D:1      | 0 ||| qw: Melee chars always use a shield: true
     0 | D:1      | 0 ||| qw: God list: Okawaru
     0 | D:1      | 0 ||| qw: Allow faded altars: false
     0 | D:1      | 0 ||| qw: Do Orc after clearing Dungeon:15 true
     0 | D:1      | 0 ||| qw: Do second Lair branch before Depths: true
     0 | D:1      | 0 ||| qw: Lair rune preference: random
     0 | D:1      | 0 ||| qw: Goals: Normal
     0 | D:1      | 0 ||| PLANNING D:1-11
   176 | D:1      | Reached XP level 2. HP: 16/16 MP: 3/3
   212 | D:1      | Found a faded altar of an unknown god.
   334 | D:1      | Reached skill level 3 in Ranged Weapons
   352 | D:1      | 352 ||| READING scroll labelled VAROTO YNLIU.
   611 | D:1      | 611 ||| UPGRADING to +0 leather armour.
   621 | D:1      | 621 ||| DROPPING +0 robe.
   622 | D:1      | 622 ||| UPGRADING to +0 pair of boots.
   627 | D:1      | 627 ||| DROPPING scroll of poison.
   679 | D:2      | 679 ||| STAIRDANCE
   711 | D:2      | Reached XP level 3. HP: 21/21 MP: 4/4
   788 | D:2      | 788 ||| SWAPPING to +2 sling of flaming.
   789 | D:2      | 789 ||| DROPPING +1 sling.
  1331 | D:2      | 1331 ||| READING scroll labelled LOIT VAMPEPI.
  1332 | D:2      | 1332 ||| READING scroll labelled SIBIAN BADDIUT.
  1333 | D:2      | 1333 ||| DRINKING 2 smoky amethyst potions.
  1358 | D:2      | 1358 ||| DROPPING potion of lignification.
  1402 | D:3      | Found a shadowy altar of Dithmenos.
  1528 | D:3      | Reached XP level 4. HP: 22/26 MP: 5/5
  1528 | D:3      | 1528 ||| FLEEEEING.
  1529 | D:3      | 1529 ||| FLEEEEING.
  1530 | D:3      | 1530 ||| FLEEEEING.
  1531 | D:3      | 1531 ||| FLEEEEING.
  1532 | D:3      | 1532 ||| FLEEEEING.
  1533 | D:3      | 1533 ||| FLEEEEING.
  1534 | D:3      | 1534 ||| FLEEEEING.
  1535 | D:3      | 1535 ||| FLEEEEING.
  1538 | D:3      | 1538 ||| FLEEEEING.
  1539 | D:3      | 1539 ||| FLEEEEING.
  1541 | D:3      | 1541 ||| FLEEEEING.
  1542 | D:3      | 1542 ||| FLEEEEING.
  1543 | D:3      | 1543 ||| FLEEEEING.
  1544 | D:3      | 1544 ||| FLEEEEING.
  1554 | D:3      | Reached skill level 4 in Ranged Weapons
  1584 | D:3      | 1584 ||| FLEEEEING.
  1585 | D:3      | 1585 ||| FLEEEEING.
  1586 | D:3      | 1586 ||| FLEEEEING.
  1587 | D:3      | 1587 ||| FLEEEEING.
  1588 | D:3      | 1588 ||| FLEEEEING.
  1589 | D:3      | 1589 ||| FLEEEEING.
  1590 | D:3      | 1590 ||| FLEEEEING.
  1591 | D:3      | 1591 ||| FLEEEEING.
  1592 | D:3      | 1592 ||| FLEEEEING.
  1593 | D:3      | 1593 ||| FLEEEEING.
  1680 | D:3      | Reached XP level 5. HP: 30/30 MP: 6/6
  1700 | D:3      | Reached skill level 5 in Ranged Weapons
  2016 | D:3      | Found a bloodstained altar of Trog.
  2046 | D:3      | 2046 ||| Stepping ~*~*~tactically~*~*~ (outnumbered).
  2073 | D:3      | 2073 ||| UPGRADING to +0 pair of gloves.
  2078 | D:3      | 2078 ||| READING scroll labelled XERIL DOEFOMN.
  2083 | D:3      | 2083 ||| READING scroll labelled FUICE KONWOUTA.
  2111 | D:4      | 2111 ||| PLANNING SEWER
  2177 | D:4      | Found a glowing drain.
  2191 | D:4      | 2191 ||| Stepping ~*~*~tactically~*~*~ (water).
  2195 | D:4      | Reached skill level 3 in Fighting
  2204 | Sewer    | Entered a sewer
  2300 | Sewer    | Reached skill level 1 in Armour
  2314 | Sewer    | Noticed Pargi
  2328 | Sewer    | Killed Pargi
  2329 | Sewer    | Reached XP level 6. HP: 13/37 MP: 7/7
  2419 | Sewer    | 2419 ||| UPGRADING to +0 cloak.
  2424 | Sewer    | 2424 ||| READING scroll labelled SIREMP QEMET.
  2438 | D:4      | 2438 ||| PLANNING D:1-11
  2472 | D:4      | Reached skill level 6 in Ranged Weapons
  2642 | D:4      | Mangled by an ogre

Levels and vault maps discovered:
D:1:      lemuel_arrival_broad_hall, layout_basic,
          hellmonk_ecumenical_altar_arch_garden, minmay_strange_pillars,
          hangedman_decor_push
D:2:      layout_loops_cross
D:3:      layout_basic, trog_hazing_becter, nicolae_dithmenos_shadow_blocks
D:4:      layout_loops_corners, nicolae_wu_jian_glorious_leap,
          portal_sewer_entry_f, uniq_robin

Skill      XL: |  1  2  3  4  5  6 |
---------------+-------------------+-----
Ranged Weapons | 3 4 5 6 |  6.0
Fighting       | 2 3 |  3.2
Armour         | 1 |  1.0
Dodging        | |  1.5
Spellcasting   | |  1.0
Hexes          | |  2.6

Action                     |  1- 3 |  4- 6 || total
---------------------------+-------+-------++-------
   Fire: Sling             |   109 |   153 ||   262
    Use: Scroll            |     3 |     3 ||     6
         Potion            |     1 |       ||     1
 Armour: Robe              |     3 |       ||     3
         Leather armour    |    15 |    44 ||    59
  Dodge: Dodged            |    22 |    71 ||    93

Table legend:
 A = Non-vault XP
 B = Vault XP
 C = Vault XP percentage of total XP
 D = Non-vault monster count
 E = Vault monster count
 F = Vault count percentage of total count
                 A         B        C        D         E       F
            +---------+---------+-------+---------+---------+-------
      Total |     327 |     172 |  34.5 |      70 |      20 |  22.2
            +---------+---------+-------+---------+---------+-------
        D:1 |      30 |       0 |   0.0 |      19 |       0 |   0.0
        D:2 |      38 |       0 |   0.0 |      17 |       0 |   0.0
        D:3 |     188 |      10 |   5.1 |      27 |       6 |  18.2
        D:4 |      71 |      12 |  14.5 |       7 |       6 |  46.2
      Sewer |       0 |     150 | 100.0 |       0 |       8 | 100.0
            +---------+---------+-------+---------+---------+-------
